 Dungeon Crawl Stone Soup version 0.18.1-50-g88ac8fd (webtiles) character file.

52 ololoev the Magician (level 3, 0/19 HPs)
             Began as a Deep Elf Earth Elementalist on Dec 7, 2016.
             Slain by a bat (1 damage)
             ... on level 3 of the Dungeon.
             The game lasted 00:02:15 (195 turns).

ololoev the Magician (Deep Elf Earth Elementalist)   Turns: 195, Time: 00:02:16

Health: 0/19       AC:  2    Str:  5    XL:     3   Next: 60%
Magic:  2/11       EV: 13    Int: 20    God:
Gold:   90         SH:  0    Dex: 15    Spells: 3 memorised, 5 levels left

rFire  . . .     SeeInvis .     (no weapon)
rCold  . . .     Gourm    .     a - +0 robe
rNeg   . . .     Faith    .     (no shield)
rPois  .         Spirit   .     (no helmet)
rElec  .         Dismiss  .     (no cloak)
rCorr  .         Reflect  .     (no gloves)
SustAt .         Harm     .     (no boots)
MR     .....                    (no amulet)
Stlth  ++........               (no ring)
                                (no ring)

@: not resistant to hostile enchantments, unstealthy
A: no striking features
a: no special abilities

Inventory:

Armour
 a - a +0 robe (worn)
Scrolls
 e - a scroll of identify {unknown}
Books
 c - a book of Geomancy

   Spells                             Type                      Level
   a - Sandblast                      Earth                        1
   b - Passwall                       Transmutation/Earth          2
   c - Stone Arrow                    Conjuration/Earth            3
   d - Petrify                        Transmutation/Earth          4
   e - Lee's Rapid Deconstruction     Earth                        5
Comestibles
 d - 2 bread rations


   Skills:
 - Level 2.4 Dodging
 - Level 2.4 Stealth
 * Level 4.7 Spellcasting
 + Level 0.2 Conjurations
 - Level 1.1 Transmutations
 + Level 4.0 Earth Magic


You had 5 spell levels left.
You knew the following spells:

 Your Spells              Type           Power        Failure   Level  Hunger
a - Sandblast             Erth           ###...       2%          1    None
b - Stone Arrow           Conj/Erth      ##....       17%         3    ##.....
w - Passwall              Trmt/Erth      ##........   10%         2    #......


You were on level 3 of the Dungeon.
You were not hungry.

You visited 1 branch of the dungeon, and saw 3 of its levels.

You collected 90 gold pieces.

#.................$#
#...........#+######
#.............###
#....>...####♣.P♣ ## #
####..####.♣♣♣P§♣ .#
#P.
#...#PP.♣♣.P♣§♣.♣♣PP♣♣
#......P♣.P.♣♣PP..P.P.
#.#..P♣♣..P.Pr..#...#.
#..).♣♣♣♣..♣@bgK..[...
#..♣.♣♣.P.♣P..#..._...
#.##...P..♣.......$...
#.##♣.♣..♣..♣...#...#.
#. ♣P..♣♣......♣.♣...
# ♣..PP♣P...♣.♣. P .♣
♣♣.P@♣..P♣♣PP.. . .
♣P♣♣♣.P.♣ ♣♣.♣♣♣. ..♣
♣.♣

Notes
Turn   | Place    | Note
--------------------------------------------------------------
     0 | D:1      | ololoev the Deep Elf Earth Elementalist began the quest for the Orb.
     0 | D:1      | Reached XP level 1. HP: 10/10 MP: 6/6
    95 | D:1      | Reached XP level 2. HP: 15/15 MP: 6/8
   132 | D:3      | Noticed Jessica
   137 | D:3      | Killed Jessica
   137 | D:3      | Reached XP level 3. HP: 19/19 MP: 4/11
   142 | D:3      | Learned a level 2 spell: Passwall
   146 | D:3      | Learned a level 3 spell: Stone Arrow
   161 | D:3      | Noticed Terence
   182 | D:3      | Found a deep blue altar of Sif Muna.
   195 | D:3      | Slain by a bat

Dungeon Overview and Level Annotations

Branches:
Dungeon (3/15)

Altars:
Sif Muna

Annotations:
D:3 Terence


Message History

Aiming: Sandblast
Press: ? - help, Shift-Dir - straight line, f - quokka
Aim: a quokka The rocky blast hits the quokka.
You kill the quokka!
Terence hits the plant but does no damage.
A giant newt comes into view.
Terence hits the plant but does no damage.
Terence hits the plant but does no damage.
Something hits the plant.
A gnoll comes into view. It is wielding a whip.
Something hits the plant.
Found a leather armour and 8 gold pieces.
Found a deep blue altar of Sif Muna.
Something hits the plant.
A gnoll comes into view. It is wielding a halberd.
Casting: Sandblast
Confirm with . or Enter, or press ? or * to list all spells.
Aiming: Sandblast
Press: ? - help, Shift-Dir - straight line, f - giant newt
Aim: a giant newt The rocky blast hits the giant newt.
You kill the giant newt!
The gnoll shouts! x2; You hear a shout!
A bat and a quokka come into view.
You see here a giant newt corpse.
Casting: Sandblast
Confirm with . or Enter, or press ? or * to list all spells.
Aiming: Sandblast
Press: ? - help, Shift-Dir - straight line, f - gnoll
Aim: a gnoll, wielding a whip The rocky blast hits the gnoll.
The gnoll is moderately wounded.
Casting: Sandblast
Confirm with . or Enter, or press ? or * to list all spells.
Aiming: Sandblast
Press: ? - help, Shift-Dir - straight line, f/p - gnoll
Aim: a gnoll, wielding a whip (moderately wounded)
The rocky blast misses the gnoll.
The bat barely misses you.
A kobold comes into view. It is wielding a short sword.
Casting: Sandblast
Confirm with . or Enter, or press ? or * to list all spells.
Aiming: Sandblast
Press: ? - help, Shift-Dir - straight line, f/p - gnoll
Aim: a gnoll, wielding a whip (moderately wounded)
The rocky blast hits the gnoll.
The gnoll is almost dead.
The bat misses you. The gnoll hits you with a whip. The gnoll misses you.
Casting: Sandblast
Confirm with . or Enter, or press ? or * to list all spells.
Aiming: Sandblast
Press: ? - help, Shift-Dir - straight line, f/p - gnoll
Aim: a gnoll, wielding a whip (almost dead)
The rocky blast hits the gnoll.
You kill the gnoll!
Your Earth Magic skill increases to level 4!
The bat closely misses you.
Casting: Sandblast
Confirm with . or Enter, or press ? or * to list all spells.
Aiming: Sandblast
Press: ? - help, Shift-Dir - straight line, f - gnoll
Aim: a gnoll, wielding a halberd The rocky blast hits the gnoll.
The gnoll is severely wounded.
You are now empty-handed.
The bat completely misses you. The gnoll misses you. The bat barely misses you.
Casting: Sandblast
Confirm with . or Enter, or press ? or * to list all spells.
Aiming: Sandblast
Press: ? - help, Shift-Dir - straight line, f/p - gnoll
Aim: a gnoll, wielding a halberd (severely wounded)
The blast of sand hits the gnoll.
The gnoll is severely wounded.
The bat closely misses you.
The gnoll hits you from afar with a halberd!
Ouch! That really hurt!
The quokka barely misses you. The bat hits you. The bat completely misses you.
The bat hits you.
You die...

You could see a gnoll, a quokka, a bat and a kobold.

Vanquished Creatures
  Jessica (D:3)
  A gnoll (D:3)
  A worm (D:2)
  3 goblins (D:1)
  2 hobgoblins (D:1)
  3 kobolds
  A quokka (D:3)
  A giant newt (D:3)
  2 rats
15 creatures vanquished.

Action                   || total
-------------------------++-------
 Cast: Sandblast         ||    21
Dodge: Dodged            ||    12

Vault maps used:
D:1:      mrwooster_arrival_arrow
D:3:      wad_woods_stonehenge, uniq_terence, uniq_jessica
